 Dungeon Crawl Stone Soup version 0.19.1 (webtiles) character file.

382 Ladykiller69 the Slasher (level 6, -5/52 HPs)
             Began as a Minotaur Gladiator on Dec 21, 2016.
             Slain by an iron imp (9 damage)
             ... summoned by Eustachio
             ... on level 4 of the Dungeon.
             The game lasted 00:06:48 (2151 turns).

Ladykiller69 the Slasher (Minotaur Gladiator)       Turns: 2151, Time: 00:06:49

Health: -5/52      AC:  4    Str: 19    XL:     6   Next: 47%
Magic:  5/5        EV: 14    Int:  5    God:
Gold:   197        SH:  0    Dex: 13    Spells: 0 memorised, 5 levels left

rFire  . . .     SeeInvis .     a - +0 long sword
rCold  . . .     Gourm    .     b - +0 leather armour
rNeg   . . .     Faith    .     (no shield)
rPois  .         Spirit   .     c - +0 hat
rElec  .         Reflect  .     (no cloak)
rCorr  .         Harm     .     p - +0 pair of gloves
MR     .....                    (no boots)
Stlth  +.........               (no amulet)
                                (no ring)
                                (no ring)

@: no status effects
A: retaliatory headbutt, horns 2
a: no special abilities


You were on level 4 of the Dungeon.
You were not hungry.

You visited 1 branch of the dungeon, and saw 4 of its levels.

You collected 197 gold pieces.

Inventory:

Hand Weapons
 a - a +0 long sword (weapon)
 C - a +1 dagger of distortion
Missiles
 d - 3 throwing nets
 i - 141 stones (quivered)
 s - 105 arrows
Armour
 b - a +0 leather armour (worn)
 c - a +0 hat (worn)
 p - a +0 pair of gloves (worn)
Jewellery
 m - a cursed amulet of inaccuracy {unknown}
 o - an uncursed ring of wizardry {unknown}
 w - a cursed ring of teleportation {unknown}
 y - a cursed -3 ring of evasion {unknown}
 A - an uncursed amulet of the gourmand {unknown}
 B - an uncursed ring of magical power {unknown}
Wands
 F - a wand of acid (0/15)
Scrolls
 e - a scroll of magic mapping {unknown}
 l - 2 scrolls of identify {unknown}
 n - 3 scrolls of teleportation {unknown}
 q - 3 scrolls of fear {unknown}
 u - 4 scrolls of remove curse {unknown}
 G - a scroll of noise {unknown}
Potions
 g - a potion of mutation {unknown}
 h - a potion of degeneration {unknown}
 j - a potion of ambrosia
 k - 2 potions of flight {unknown}
 v - a potion of cure mutation {unknown}
 D - a potion of lignification {unknown}
Comestibles
 f - 4 bread rations
 r - a beef jerky
 t - a royal jelly
 x - 2 chunks of flesh
 z - a slice of pizza
 E - 4 fruits


   Skills:
 + Level 4.1 Fighting
 * Level 6.0 Long Blades
 - Level 2.0 Throwing
 + Level 3.4 Armour
 + Level 4.9 Dodging


You had 5 spell levels left.
You didn't know any spells.

Dungeon Overview and Level Annotations

Branches:
Dungeon (4/15)
 Temple: D:4-7

Altars:

Annotations:
D:4 Eustachio


Innate Abilities, Weirdness & Mutations

You reflexively headbutt those who attack you in melee.
You have a pair of horns on your head.


Message History

The quokka bites you but does no damage.
Throwing (i - inventory. (,) - cycle):
i - 143 stones (quivered)
Press: ? - help, Shift-Dir - straight line, f/p - Eustachio
Aim: Eustachio, wielding a rapier of speed and wearing a leather armour (almost dead)
You throw a stone. The stone misses Eustachio.
The stone barely misses the river rat.
The quokka bites you.
* * * LOW HITPOINT WARNING * * *
The iron imp hits you.
* * * LOW HITPOINT WARNING * * *
Unknown command.
Throwing (i - inventory. (,) - cycle):
i - 142 stones (quivered)
Press: ? - help, Shift-Dir - straight line, f/p - Eustachio
Aim: Eustachio, wielding a rapier of speed and wearing a leather armour (almost dead)
You throw a stone. The stone hits Eustachio.
Eustachio is almost dead.
The quokka bites you but does no damage.
The river rat twitches its whiskers.
The iron imp hits you but does no damage.
The iron imp hits you!
You die...

.>.......................###
...........####..........#
.........### ####......##
#.......## #.....##
#........# ###..r..#
##....[..## ##..r....#
#....#...# ##..(r##...#
#....#..รท###5.@.####...#
#....#.....5r@## ##...#
#...........5## ##...
#.......##...# #..
#......####..# #.....##
#...# <....# ##..# ....#
#..# #.. #... ##..#


You could see Eustachio, 2 iron imps, a river rat, a white imp and 3 quokkas.

Vanquished Creatures
  An ogre (D:4)
  A hound (D:4)
  An orc wizard (D:3)
  Jessica (D:2)
  2 worker ants
  Robin (D:2)
  4 gnolls (D:3)
  An adder (D:3)
  An ooze (D:2)
  4 worms
  4 leopard geckos
  3 orcs (D:3)
  11 bats
  4 giant cockroaches
  18 goblins
  9 hobgoblins
  10 kobolds
  2 quokkas (D:3)
  5 frilled lizards
  6 rats
89 creatures vanquished.

Notes
Turn   | Place    | Note
-------+----------+-------------------------------------------
     0 | D:1      | Ladykiller69 the Minotaur Gladiator began the quest for the Orb.
     0 | D:1      | Reached XP level 1. HP: 18/18 MP: 0/0
    58 | D:1      | Reached skill level 1 in Armour
    94 | D:1      | Reached XP level 2. HP: 25/25 MP: 1/1
   206 | D:1      | Reached skill level 4 in Long Blades
   415 | D:1      | Reached XP level 3. HP: 30/30 MP: 2/2
   690 | D:2      | Noticed Jessica
   692 | D:2      | Killed Jessica
   692 | D:2      | Reached XP level 4. HP: 38/38 MP: 3/3
   991 | D:2      | Noticed Robin
  1006 | D:2      | Killed Robin
  1230 | D:3      | Reached skill level 5 in Long Blades
  1234 | D:3      | Reached XP level 5. HP: 24/45 MP: 4/4
  1868 | D:4      | Reached XP level 6. HP: 52/52 MP: 5/5
  2103 | D:4      | Noticed Eustachio
  2115 | D:4      | Reached skill level 6 in Long Blades
  2151 | D:4      | Slain by an iron imp

Skill      XL: |  1  2  3  4  5  6 |
---------------+-------------------+-----
Armour         | 1 2 3 |  3.4
Long Blades    | 4 5 6 |  6.0
Fighting       | 3 4 |  4.1
Dodging        | 4 |  4.9
Throwing       | |  2.0

Action                   |  1- 3 |  4- 6 || total
-------------------------+-------+-------++-------
Melee: Long sword        |    45 |   127 ||   172
       Headbutt          |    15 |    36 ||    51
Throw: Stone             |       |    10 ||    10
Evoke: Wand              |       |     1 ||     1
  Use: Potion            |       |     1 ||     1
  Eat: Chunk             |       |     4 ||     4
Armor: Leather armour    |    15 |    38 ||    53
Dodge: Dodged            |    30 |    96 ||   126
       Rpst.: Long sword |     7 |    29 ||    36
